[Event "81st Italian Championship 2022"]
[Site "Cagliari"]
[Date "2022.11.12"]
[Round "1.1"]
[White "Moroni, Luca Jr"]
[Black "Barp, Alberto"]
[Result "1-0"]
[ECO "D41"]
[WhiteElo "2559"]
[BlackElo "2412"]
[Annotator "TA"]
[PlyCount "157"]
[EventDate "2022.11.12"]
[EventType "tourn"]
[EventCountry "ITA"]
[SourceTitle "playchess.com"]
[Source "ChessBase"]
[SourceQuality "1"]
[TimeControl "40/6000+30:20/3000:900+30"]

1. d4 Nf6 2. c4 e6 3. Nf3 d5 4. Nc3 c5 5. cxd5 Nxd5 6. e4 Nxc3 7. bxc3 cxd4 8. cxd4 Bb4+ 9. Bd2 Bxd2+ 10. Qxd2 O-O 11. Bc4 Nd7 12. O-O b6 13. Rad1 Bb7 14. Rfe1 Rc8 {[%emt 0:00:00] D41: Queen's Gambit Declined: Semi-Tarrasch with 5 cxd5.} 15. Bb3 Re8 16. h3 Qf6 {[%emt 0:00:00] The position is equal.} 17. Re3 Qf4 18. Qe2 Nf6 19. g3 Qc7 20. Ne5 {[%emt 0:08:03] [#]} Re7 $146 ({Predecessor:} 20... b5 21. Ng4 Nxg4 22. hxg4 Qb6 23. d5 exd5 24. Bxd5 Bxd5 25. Rxd5 a6 26. g5 h6 {½-½ (36) Mchedlishvili,M (2593)-Macovei,A (2478) Chennai 2022}) 21. Qf3 b5 22. Qf4 Rd8 {[%emt 0:05:45] Against d5} 23. g4 Nd7 24. Red3 (24. Ng6 $11 Qxf4 25. Nxf4) 24... a5 $15 25. a4 bxa4 26. Bxa4 Nf8 (26... Nb6 $15 27. Rc1 Qb8) 27. Qe3 $11 Ng6 28. Rc3 Qd6 29. Rc5 f6 30. Nxg6 {[%emt 0:06:05] White has more active pieces.} hxg6 31. e5 fxe5 32. Rxe5 {[%emt 0:00:26] Hoping for d5.} Bd5 33. Bc2 {[%emt 0:01:16] And now Qg5 would win.} Rf8 $1 34. Qg5 Rf3 35. Rd3 {[%emt 0:01:33] Threatens to win with Rxf3.} Rxd3 (35... Rf6 $11) 36. Bxd3 $16 Qa3 $2 (36... Qb4 $16) 37. Bxg6 $2 (37. Rxd5 $18 {White threatens Rd8+ and mate.} exd5 38. Qxd5+ Rf7 39. Bxg6) 37... Qa1+ $15 (37... Qxh3 {is a self mate.} 38. Rxd5 (38. Be4 Bxe4 39. Rxe4 Rb7 $11) (38. Be4 Bxe4 39. Rxe4 Rb7 $11)) 38. Kh2 Qxd4 (38... Qh1+ $15 39. Kg3 Qg2+ 40. Kh4 Qxf2+ 41. Kh5 Rd7) 39. Kg3 $11 {[%emt 0:00:58] Intending Rxd5 and mate.} Qc3+ 40. Kh4 Bg2 {[%emt 0:00:31] White leaves nothing to chance now.} (40... Rd7 $1 $11 {remains equal.}) 41. Re3 $40 {[%emt 0:15:46][%mdl 128] White is out for blood.} Qf6 42. f3 $1 Qxg5+ 43. Kxg5 {[%emt 0:00:00][%mdl 4096] Endgame KRB-KRB} Kf8 (43... Rb7 $16 {is a better defense.}) 44. Ra3 $1 $18 Ra7 45. Ra1 {[%emt 0:01:10] Inhibits Bf1.} Ke7 46. Kf4 Bxh3 {[%emt 0:01:01] [#]} 47. Kg3 $1 Kf6 48. Be4 Bxg4 49. Kxg4 {[%emt 0:00:00] KRB-KR} ({But not} 49. fxg4 $6 Ke5 50. Ra4 Rc7) 49... Ra6 50. Kf4 Ra7 51. Ra4 Ra6 52. Ke3 Ke5 53. Kd3 Ra7 54. Kc4 g5 $2 {[%emt 0:00:21] [#]} (54... Rc7+ $16 55. Kb5 g5) 55. Kd3 $1 Rd7+ 56. Ke3 Ra7 57. Bg6 Ra6 58. Bd3 Ra7 59. Bf1 Ra8 60. Bh3 Ra6 61. Bg4 Kd5 62. Kd3 Kc5 63. Ke4 Kd6 64. Kd4 Ra7 65. Ra3 Ra6 (65... e5+ $142 66. Ke4 a4 67. Rd3+ Kc5) 66. Re3 Ke7 67. Kc4 Kf6 68. Kb5 {[%emt 0:00:38] Against Rc6} Rd6 69. Kxa5 Rd5+ 70. Kb4 Rd6 71. Kc5 Ra6 72. Re4 Ra5+ $2 (72... Ke7 73. Re2 Kf6) 73. Kb6 Re5 74. Rxe5 {[%emt 0:00:16] White mates.} Kxe5 75. Kc5 Kf4 76. Kd6 e5 77. Kd5 e4 {[%emt 0:00:19] [#]} 78. fxe4 $1 Kxg4 79. e5 {[%emt 0:00:03] Weighted Error Value: White=0.19 (very precise) /Black=0.20 (precise)} 1-0

[Event "81st Italian Championship 2022"]
[Site "Cagliari"]
[Date "2022.11.12"]
[Round "1.2"]
[White "Lettieri, Giuseppe"]
[Black "Lodici, Lorenzo"]
[Result "1/2-1/2"]
[ECO "B40"]
[WhiteElo "2427"]
[BlackElo "2536"]
[Annotator "TA"]
[PlyCount "189"]
[EventDate "2022.11.12"]
[EventType "tourn"]
[EventCountry "ITA"]
[SourceTitle "playchess.com"]
[Source "ChessBase"]
[SourceQuality "1"]
[TimeControl "40/6000+30:20/3000:900+30"]

1. e4 c5 2. Nf3 e6 3. d4 cxd4 4. Nxd4 Nc6 5. Nxc6 bxc6 6. Bd3 d5 7. O-O Nf6 8. e5 Nd7 9. Re1 Qc7 {[%emt 0:06:24] has lost popularity (9...Be7). B40: Sicilian: 2...e6, Unusual lines.} 10. Bf4 Rb8 11. Nd2 Be7 {[%emt 0:05:17] [#] The position is equal.} 12. b3 $146 ({Predecessor:} 12. Qg4 g5 13. Be3 h5 14. Qe2 c5 15. c3 c4 16. Bc2 Rxb2 17. Ba4 Kf8 18. Bxd7 Bxd7 {0-1 (24) Behl,T (2077)-Rohde,U (2298) Lohmar 2000}) 12... Nc5 (12... g5 $5 13. Be3 Nxe5 $15) 13. Bf1 a5 (13... Ba6 $11) 14. Qg4 $16 g5 {[%emt 0:01:04] aiming for ...Rb4.} 15. Be3 $1 (15. Bxg5 Rg8 16. Bxe7 Rxg4 $15) 15... h5 {[%emt 0:04:47] [#]} 16. Qg3 {[%emt 0:02:20] White is more active.} Qd8 17. f4 g4 18. Qf2 Nd7 19. c4 O-O 20. f5 (20. Rac1 $16) 20... Nxe5 $11 21. Ba7 (21. Bh6 $5 f6 22. fxe6 Bxe6 23. Bxf8 Bxf8 24. Kh1 $11) 21... Bd6 22. Bxb8 (22. f6 $15) 22... Bxb8 $17 23. Kh1 exf5 24. cxd5 cxd5 25. Rad1 Qc7 {[%emt 0:06:19] Prevents Nc4.} (25... Be6 $19 26. Qd4 Qd6) 26. Qf4 Ng6 27. Qxc7 Bxc7 28. Nb1 Rd8 29. Nc3 d4 ({Black should play} 29... Bb7 $15) 30. Nb5 (30. Nd5 $1 $11 Rxd5 31. Re8+ Kg7 32. Rxc8) 30... Bb6 31. Nd6 {[%emt 0:01:09] Inhibits Bb7.} Be6 $36 {[%emt 0:00:56][%mdl 2048] Black is really pushing.} 32. Nc4 Bc7 33. Nb2 (33. Re2 $15) 33... Bd5 34. Kg1 f4 35. Bd3 Bd6 36. Bxg6 fxg6 37. Nc4 (37. Na4 $17) 37... Bb4 $19 38. Re5 Kg7 39. Nb6 Bc6 {[%emt 0:03:48] A strong pair of Bishops.} (39... Bg8 $19 {...Kf6 is the strong threat.} 40. Rd3 Kf6) 40. Re6 (40. a3 $17 {was necessary.} Bxa3 41. Rxa5) 40... Bb7 41. Nc4 f3 $2 (41... d3 $19 {And now ...f3 would win.} 42. Ne5 d2 43. Rxg6+ Kh7) 42. Nxa5 $2 {[%emt 0:08:57] [#]} Bd5 $1 (42... Bxa5 43. Re7+ Kf6 44. Rxb7 $18) (42... f2+ 43. Kf1 Bd5 44. Nc6 $14) 43. Nc6 Bc5 $2 (43... Bxe6 $19 44. Nxd8 Bd5 45. gxf3 gxf3) 44. b4 $15 Rf8 45. gxf3 $1 (45. Re5 $2 f2+ 46. Kf1 Bc4+ 47. Re2 Bb6 $19) 45... gxf3 46. Kf2 Ra8 (46... Bxa2 47. Re5 Bd6 48. Ra5 $14) 47. Rd2 Bf8 (47... Bxa2 $2 48. Re1 (48. bxc5 Bxe6 49. Nxd4 Bg4 $15) 48... Bd5 49. bxc5 $18) 48. Nxd4 Bxb4 49. Rc2 Bxe6 (49... Rxa2 50. Rxa2 Bxa2 51. Ra6 $14) ({Much less strong is} 49... Bxa2 50. Rb6 Be7 51. Rc7 $16 (51. Kxf3 Bd5+ 52. Ke2 Re8 $14) (51. Nxf3 Bd8 $16)) 50. Nxe6+ {[%emt 0:00:00][%mdl 4096] Endgame KRB-KRN} Kf6 51. Nd4 Ra3 52. Nxf3 Bc3 53. Nd2 Kf5 {[%emt 0:00:00] Inhibits Ne4.} 54. Nc4 Bd4+ 55. Kg2 Ra6 56. Nd2 g5 57. h3 Kf4 58. Nf3 ({Don't play} 58. Rc4 Ke3 59. Nf3 Rxa2+ 60. Kg3 Bf6 $15) 58... Bf6 59. Ng1 Ra3 60. Ne2+ Ke5 61. Ng3 g4 62. hxg4 h4 63. Nh5 {[%emt 0:00:00] Strongly threatening Re2+.} Be7 64. Re2+ Kd6 65. Ng7 {[%emt 0:00:00] Black must now prevent Nf5+.} Bg5 (65... Rg3+ $2 66. Kh2 Kc5 67. Rxe7 $18) 66. Nf5+ Kd5 67. Rf2 Ke5 68. Rf3 Rxa2+ 69. Kh3 Bf4 70. Kxh4 Ke4 71. Rh3 Ra8 {[%emt 0:00:00] ( -> ...Rh8+)} 72. Ng3+ Ke5 73. Nh5 Bd2 74. Rd3 Be1+ 75. Kh3 $1 {[%emt 0:00:01] Hoping for Re3+.} Ke4 {[%emt 0:00:00] Against Re3+} 76. Rb3 Rc8 77. Ng3+ Kf4 78. Ne2+ (78. Rb5 $5 ) 78... Kg5 79. Rb5+ Kf6 80. g5+ Kg7 81. Kg4 Bd2 (81... Rc4+ $1 $11 82. Kf5 Bd2) 82. Ng3 $14 {[%emt 0:00:40] White is slightly better.} Rc4+ 83. Kh5 {[%emt 0:00:25] Nf5+ would kill now.} Bxg5 84. Kxg5 {[%emt 0:00:15] KRN-KR} Kf7 85. Kf5 Ke7 86. Ke5 Kd7 87. Ne4 Kc6 88. Rb8 {[%emt 0:00:19] Intending Rc8+ and mate.} Ra4 89. Rc8+ Kd7 90. Rc5 Ra6 91. Nf6+ Kd8 92. Nd5 Rh6 93. Nf4 Kd7 94. Ra5 Rh1 95. Kd4 {[%emt 0:03:17] And White is the lucky defender.  Weighted Error Value: White=0.20 (precise) /Black=0.23 (precise)} 1/2-1/2

[Event "81st Italian Championship 2022"]
[Site "Cagliari"]
[Date "2022.11.12"]
[Round "1.3"]
[White "Carnicelli, Valerio"]
[Black "Dvirnyy, Danyyil"]
[Result "1/2-1/2"]
[ECO "C54"]
[WhiteElo "2325"]
[BlackElo "2514"]
[Annotator "TA"]
[PlyCount "90"]
[EventDate "2022.11.12"]
[EventType "tourn"]
[EventCountry "ITA"]
[SourceTitle "playchess.com"]
[Source "ChessBase"]
[SourceQuality "1"]
[TimeControl "40/6000+30:20/3000:900+30"]

1. e4 e5 2. Nf3 Nc6 3. Bc4 Bc5 4. c3 Nf6 5. d3 d6 6. O-O a5 {[%emt 0:02:01] C54: Giuoco Piano: 4 c3 Nf6, main lines with 5 d4 and 5 d3.} 7. Re1 h6 8. Nbd2 O-O 9. h3 Be6 10. Bb5 Ne7 {[%emt 0:00:43] 10...Nd7 is a critical line.} 11. Nf1 c6 12. Ba4 Ng6 13. Ng3 b5 14. Bc2 a4 {[%emt 0:00:20] [#]} 15. a3 $146 ({Predecessor:} 15. d4 Bb6 16. Be3 a3 17. b4 Qc7 18. Qd2 Rfd8 19. Nf5 d5 20. Bxh6 Nxe4 21. Bxe4 dxe4 22. Nxg7 exf3 23. Nxe6 fxe6 {0-1 (28) Abrahamyan,T (2358)-Dauletova,G (2319) Chess.com INT 2020}) 15... Re8 16. d4 Bb6 17. Be3 Qc7 18. Qd2 Rad8 19. Rad1 (19. Nf5 {keeps more tension.} Qd7 20. Rad1 exd4 21. Bxd4 Bxd4 22. N3xd4 Bxf5 23. Nxf5 d5 24. exd5 Qxd5 25. Rxe8+ Rxe8 26. Qxd5 Nxd5 27. Nd4) 19... d5 {[%emt 0:23:45] [#]} (19... Qe7 $11 {keeps the balance.}) 20. Qc1 (20. Nxe5 $1 $16 Nxe5 21. dxe5 Nxe4 22. Bxb6 Qxb6 23. Bxe4 dxe4 24. Qf4) 20... Nxe4 {[%emt 0:02:57] The position is equal.} 21. Nxe4 dxe4 22. Nxe5 Nxe5 23. dxe5 Rxd1 24. Qxd1 Bxe3 25. Rxe3 Bd5 26. Bxe4 Bxe4 27. Rxe4 Rxe5 28. Rxe5 Qxe5 $11 {[%emt 0:00:06][%mdl 4096] Endgame KQ-KQ} 29. Qd8+ Kh7 30. Qd3+ g6 31. g3 Kg7 32. Kg2 h5 33. h4 Qe6 34. Qd4+ f6 35. Qa7+ Kf8 36. Qc5+ Kf7 37. Qa7+ Ke8 38. Qc7 g5 39. hxg5 {[%emt 0:01:02] [#] g6 is the strong threat.} fxg5 40. Qh7 Qd5+ 41. Kg1 Qd1+ 42. Kh2 Qf3 43. Kg1 Qd1+ 44. Kh2 Qf3 45. Kg1 Qd1+ {[%emt 0:00:00] Weighted Error Value: White=0.07 (flawless) /Black=0.06 (flawless)} 1/2-1/2

[Event "81st Italian Championship 2022"]
[Site "Cagliari"]
[Date "2022.11.12"]
[Round "1.4"]
[White "Godena, Michele"]
[Black "Di Benedetto, Edoardo"]
[Result "1/2-1/2"]
[ECO "C07"]
[WhiteElo "2463"]
[BlackElo "2378"]
[Annotator "TA"]
[PlyCount "37"]
[EventDate "2022.11.12"]
[EventType "tourn"]
[EventCountry "ITA"]
[SourceTitle "playchess.com"]
[Source "ChessBase"]
[SourceQuality "1"]
[TimeControl "40/6000+30:20/3000:900+30"]

1. e4 e6 2. d4 d5 3. Nd2 c5 4. exd5 Qxd5 5. dxc5 Bxc5 6. Ngf3 Nf6 7. Bc4 Qh5 8. Qe2 {[%emt 0:41:47] C07: French Tarrasch: 3...c5, 4 Ngf3 and 4 exd5 Qxd5.} Nc6 9. Ne4 Nxe4 10. Qxe4 {[%emt 0:00:06] [#]} Qg6 $146 (10... Bd7 {is more complex.} 11. O-O Bd6 12. Be2 Qg6) ({Predecessor:} 10... O-O 11. O-O Be7 12. Re1 Rd8 13. Bf4 Qg6 14. Qe2 Qf6 15. Bc7 Rd7 16. Be5 Nxe5 17. Nxe5 {½-½ (26) Bissmann,S (2382)-Jahn,P (2213) ICCF email 2017}) 11. Qxg6 hxg6 12. c3 f6 13. b4 Bb6 14. a4 a5 15. b5 Nd8 16. Bd3 g5 17. Nd2 Nf7 18. Nc4 Bc5 19. Be3 {[%emt 0:04:16] Weighted Error Value: White=0.08 (flawless) /Black=0.08 (flawless)} 1/2-1/2

[Event "81st Italian Championship 2022"]
[Site "Cagliari"]
[Date "2022.11.12"]
[Round "1.5"]
[White "Brunello, Sabino"]
[Black "Sonis, Francesco"]
[Result "1-0"]
[ECO "B94"]
[WhiteElo "2518"]
[BlackElo "2547"]
[Annotator "TA"]
[PlyCount "97"]
[EventDate "2022.11.12"]
[EventType "tourn"]
[EventCountry "ITA"]
[SourceTitle "playchess.com"]
[Source "ChessBase"]
[SourceQuality "1"]
[TimeControl "40/6000+30:20/3000:900+30"]

1. e4 c5 2. Nf3 d6 3. d4 cxd4 4. Nxd4 Nf6 5. Nc3 a6 6. Bg5 Nbd7 7. Qe2 {[%emt 0:03:26] 7.Qe2 is setting a new trend. B94: Sicilian Najdorf: 6 Bg5 Nbd7.} e6 8. f4 h6 9. Bh4 {[%emt 0:01:06][%cal Bg5h4,Bh4e1,Be1d2][%mdl 32] Strongly threatening e5. The position is equal.} Qa5 {[%emt 0:14:03] Prevents e5.} (9... e5 $14) 10. O-O-O $1 $16 Be7 11. Kb1 g5 {[%emt 0:10:01] [#]} 12. Be1 $146 {[%emt 0:42:55][%cal Oc3d5] And now Nd5! would win.} ({Predecessor:} 12. Nb3 Qc7 13. fxg5 Nh7 14. Bg3 hxg5 15. Qd2 Ne5 16. Be2 Bd7 17. Rhf1 Nf8 18. Nd4 {1-0 (36) Siva,M (2349)-Pacheco Lugo,A (2127) Chess.com INT 2021}) 12... Qc7 13. g3 b5 14. Bg2 Rb8 15. a3 Bb7 16. Bd2 Nb6 17. fxg5 hxg5 18. Bxg5 Qc5 (18... Nc4 $16) 19. h4 $18 Nfd7 20. Bxe7 Kxe7 21. g4 Nc4 22. Rh3 Nce5 23. g5 Ba8 (23... b4 $142) 24. Na2 Rbg8 25. Nc1 Qb6 26. Ncb3 Rg6 (26... Kd8 $142 27. Nf3 Ng6) 27. Rf1 Ke8 28. Qf2 Qd8 (28... Rgg8 $142 29. Qf4 Qd8) 29. Rc3 Rg7 30. Bh3 {[%emt 0:00:45][%cal Oh3e6] Hoping for Bxe6!} Nf8 {[%emt 0:01:37] [#]} (30... Bxe4 31. Bxe6 fxe6) 31. Bg2 $2 (31. Na5 $1 $18 ) 31... Rgh7 $2 {[%emt 0:00:51][%mdl 8192] [#]} (31... Nfd7 $1 $11 {and Black stays safe.}) 32. Rh3 (32. Na5 $142 $1 ) 32... Nfd7 33. Ne2 Qb6 34. Qe1 Ng6 {[%emt 0:00:55][%cal Rh7h4] [#]} 35. Rfh1 $1 Nde5 36. h5 Nf8 37. Nf4 Rg8 38. g6 fxg6 39. hxg6 Rhg7 40. Rc3 {[%emt 0:01:25][%cal Bh3c3,Bc3g3,Bg3g2][%mdl 32] Threatens to win with Rc8+.} Kd7 {[%emt 0:01:16] Prevents Rc8.} (40... Bc6 {is a better defense.} 41. Bh3 Bd7) 41. Rf1 {[%emt 0:18:30] aiming for Bh3.} Nfxg6 (41... a5 $142 42. Bh3 b4) 42. Nh5 {[%emt 0:00:31] White is clearly winning.} Bc6 43. Nxg7 Rxg7 44. Rg3 Qd8 45. Nd4 Qh4 46. Qc3 Bxe4 {[%emt 0:05:06] [#]} 47. Nxe6 $1 Bxg2 48. Nf8+ ({Stronger than} 48. Nxg7 Bxf1 49. Qe3 Kc6 $11) 48... Ke8 49. Rxg2 {[%emt 0:00:00] Weighted Error Value: White=0.45/Black=0.58} 1-0

[Event "81st Italian Championship 2022"]
[Site "Cagliari"]
[Date "2022.11.12"]
[Round "1.6"]
[White "Basso, Pier Luigi"]
[Black "David, Alberto"]
[Result "1/2-1/2"]
[ECO "B80"]
[WhiteElo "2503"]
[BlackElo "2517"]
[Annotator "TA"]
[PlyCount "27"]
[EventDate "2022.11.12"]
[EventType "tourn"]
[EventCountry "ITA"]
[SourceTitle "playchess.com"]
[Source "ChessBase"]
[SourceQuality "1"]
[TimeControl "40/6000+30:20/3000:900+30"]

1. e4 c5 2. Nf3 e6 3. d4 cxd4 4. Nxd4 Nf6 5. Nc3 d6 6. Be3 a6 7. f3 h5 {[%emt 0:01:12] B80: Sicilian Scheveningen: 6 g3 and 6 Be3, including English Attack.} 8. Bc4 Be7 9. Qe2 Nc6 10. O-O-O Qc7 11. Bb3 Na5 12. Kb1 b5 {[%emt 0:01:24] [#]} 13. Rhe1 $146 ({Predecessor:} 13. h4 b4 14. Na4 Nxb3 15. cxb3 Bd7 16. Rc1 Qb7 17. Bg5 O-O 18. e5 dxe5 19. Qxe5 {0-1 (46) Narva,J (2300)-Shvyrjov,I (2461) Viljandi 2013}) 13... Bd7 14. Bg5 {[%emt 0:14:21] Weighted Error Value: White=0.11 (very precise) /Black=0.10 (very precise)} 1/2-1/2

[Event "81st Italian Championship 2022"]
[Site "Cagliari"]
[Date "2022.11.13"]
[Round "2.1"]
[White "Barp, Alberto"]
[Black "David, Alberto"]
[Result "1/2-1/2"]
[ECO "E11"]
[WhiteElo "2412"]
[BlackElo "2517"]
[Annotator "TA"]
[PlyCount "137"]
[EventDate "2022.11.12"]
[EventType "tourn"]
[EventCountry "ITA"]
[SourceTitle "playchess.com"]
[Source "ChessBase"]
[SourceQuality "1"]
[TimeControl "40/6000+30:20/3000:900+30"]

1. d4 Nf6 2. c4 e6 3. Nf3 d5 4. g3 Bb4+ 5. Bd2 a5 6. Bg2 O-O 7. Qc2 c5 {[%emt 0:00:07] E11: Bogo-Indian.} 8. cxd5 $1 {[%emt 0:01:51] 8.cxd5 is better than 8.dxc5.} cxd4 9. a3 Bxd2+ 10. Qxd2 Qxd5 11. Qxd4 Qb5 12. Qe5 {[%emt 0:08:35] [#]} Nd5 $146 ({Predecessor:} 12... Qb6 13. Nbd2 Nc6 14. Qc3 Qa6 15. Nc4 b5 16. Nce5 Nxe5 17. Qxe5 Bb7 18. O-O Rac8 {½-½ (69) Svane,R (2637)-Ivic,V (2606) Warsaw 2021}) 13. Nc3 Nxc3 14. Qxc3 Nc6 15. O-O e5 16. e3 Bf5 17. Rfd1 Rfe8 18. Nd2 Bg4 19. Rdc1 Be6 20. Ne4 Red8 {[%emt 0:00:50] Against Nd6} 21. Nc5 Bd5 22. Bf1 Qb6 23. Na4 Qc7 24. Qc5 {[%emt 0:00:05] [#] Hoping for Nb6.} Bf3 25. Nb6 Rab8 26. b4 (26. Qxa5 $5 Qe7 27. Qb5 $14) 26... axb4 27. axb4 Rd6 28. b5 Qd8 29. Nc4 (29. Na4 $14 Na5 30. Qc3) 29... Rd5 $11 30. Qb6 Nb4 (30... Ne7 $11) 31. Qa7 (31. Rcb1 $16 Nc2 32. Ra2) 31... Rxb5 32. Qa4 Bc6 {[%emt 0:00:18] [#] And now ...Qd5 would win.} 33. Na5 Rb6 34. Nxc6 Nxc6 35. Bg2 Rb2 36. Bxc6 {[%emt 0:01:53] Threatens to win with Bf3.} Qf6 {[%emt 0:00:27] Against Bf3} 37. Rc2 (37. f4 $11 bxc6 38. Qxc6) 37... Rxc2 $15 38. Qxc2 Qxc6 39. Qxc6 bxc6 {[%emt 0:00:03][%mdl 4096] Endgame KR-KR} 40. Ra6 Rc8 $1 41. Kf1 Kf8 42. Ra7 h5 43. h4 Rb8 44. Rc7 Rb1+ 45. Kg2 Rc1 46. e4 Rc3 47. f4 exf4 48. gxf4 g6 49. Kf2 Rh3 50. Rxc6 Rxh4 51. Kg3 Rg4+ 52. Kf3 Kg7 53. e5 g5 (53... Rg1 $17) 54. fxg5 $11 {[%emt 0:00:00] The position is equal.} Rxg5 55. Kf4 Rg6 56. Rc1 Kh6 57. Rc8 Rg4+ 58. Kf5 Kg7 59. Rc7 Rg6 60. Rc3 Rg1 61. Rc7 h4 {[%emt 0:18:51] Strongly threatening ...h3.} 62. e6 h3 63. Rxf7+ (63. e7 {is interesting.} h2 64. e8=Q Rf1+ 65. Kg4) 63... Kg8 {[%emt 0:00:00] ( -> ...h2)} 64. Kf6 $1 h2 65. e7 Re1 66. Rf8+ $1 Kh7 67. Rf7+ Kh6 68. Rf8 Kh7 {[%emt 0:00:00] Prevents Rh8+.} (68... Rxe7 69. Kxe7 Kg7 70. Rf1 Kg6 71. Ke6 Kh5 72. Rh1 Kg5 73. Rxh2) 69. Rf7+ {[%emt 0:00:00] Weighted Error Value: White=0.10 (very precise) /Black=0.09 (flawless)} 1/2-1/2

[Event "81st Italian Championship 2022"]
[Site "Cagliari"]
[Date "2022.11.13"]
[Round "2.3"]
[White "Di Benedetto, Edoardo"]
[Black "Brunello, Sabino"]
[Result "0-1"]
[ECO "D46"]
[WhiteElo "2378"]
[BlackElo "2518"]
[Annotator "TA"]
[PlyCount "84"]
[EventDate "2022.11.12"]
[EventType "tourn"]
[EventCountry "ITA"]
[SourceTitle "playchess.com"]
[Source "ChessBase"]
[SourceQuality "1"]
[TimeControl "40/6000+30:20/3000:900+30"]

1. d4 d5 2. c4 c6 3. Nc3 Nf6 4. Nf3 e6 5. e3 Bd6 6. Bd3 O-O 7. O-O Nbd7 8. e4 dxc4 $1 {[%emt 0:00:31][%mdl 4] is more profitable than 8...dxe4 at the moment.} 9. Bxc4 e5 10. Re1 exd4 {[%emt 0:24:46] D46: Semi-Slav: 5 e3 Nbd7 6 Bd3, Black avoids the Meran.} 11. Nxd4 Ne5 12. Bb3 (12. Be2 $1 $11) 12... Bc5 (12... Nfg4 $17 {Strongly threatening ...Qh4.} 13. h3 (13. Nf5 $2 Bxf5 14. h3 Qh4 $19) 13... Bc5) 13. Be3 Nfg4 14. Nf5 {[%emt 0:03:22] [#] Against Qh4} Bxe3 $146 ({Predecessor:} 14... Nxe3 15. Nxe3 Qg5 16. Qe2 Bg4 17. Nxg4 Nxg4 18. Nd1 Rad8 19. h3 Nxf2 20. Nxf2 Rd2 {0-1 (26) Lachmann,H (1690)-Berndt,W (2045) Darmstadt 1995}) 15. fxe3 Qg5 $36 {[%emt 0:08:55][%mdl 2048] Black is really pushing. The board is on fire.} 16. h3 Bxf5 17. exf5 Nf6 ({Inferior is} 17... Nxe3 18. Qe2 Nxg2 19. Ne4 (19. Qxg2 Nf3+ 20. Kh1 Qxg2+ 21. Kxg2 Nxe1+ 22. Rxe1 Rfe8 $17) 19... Nf3+ 20. Qxf3 Nxe1+ 21. Nxg5 $15) (17... Qxf5 18. hxg4 Nxg4 19. Qf3 $18) 18. Qe2 Qxf5 19. Rf1 Qg5 20. Bc2 g6 {[%emt 0:01:47] Against Rf5} 21. Qf2 Nfd7 22. Ne4 Qe7 23. Rad1 f5 24. Nd6 Nf6 {[%emt 0:00:53] [#] Hoping for ...Rad8.} 25. Rd2 $2 (25. e4 $17) 25... Rad8 26. Bb3+ Kg7 27. Rfd1 Rd7 ({Weaker is} 27... Nd5 28. Nb5 $17) 28. Qh4 Rfd8 29. Nc4 b5 30. Rxd7 Rxd7 31. Nd2 $2 {[%emt 0:03:43] [#] Now White is beyond hope.} (31. Nxe5 $17 {nothing else works.} Qxe5 32. Rxd7+ Nxd7 33. Qd4 Qxd4 34. exd4) 31... Nd3 32. Nf1 Nxb2 {[%emt 0:00:42] Pair of Knights!} 33. Rxd7 Qxd7 34. Qb4 Nd3 35. Qc3 c5 36. a4 a6 {[%emt 0:02:25] Black is clearly winning.} 37. Qa5 c4 38. Bc2 Nc5 39. Qb6 Nxa4 40. Bxa4 bxa4 41. Qxa6 c3 42. Qc4 {[%emt 0:00:00] Inhibits Qc7.} Ne4 {[%emt 0:00:00] Weighted Error Value: White=0.64/Black=0.17 (very precise)} 0-1

[Event "81st Italian Championship 2022"]
[Site "Cagliari"]
[Date "2022.11.13"]
[Round "2.4"]
[White "Dvirnyy, Danyyil"]
[Black "Godena, Michele"]
[Result "1-0"]
[ECO "C45"]
[WhiteElo "2514"]
[BlackElo "2463"]
[Annotator "TA"]
[PlyCount "79"]
[EventDate "2022.11.12"]
[EventType "tourn"]
[EventCountry "ITA"]
[SourceTitle "playchess.com"]
[Source "ChessBase"]
[SourceQuality "1"]
[TimeControl "40/6000+30:20/3000:900+30"]

1. e4 e5 2. Nf3 Nc6 3. d4 exd4 4. Nxd4 Bc5 5. Nb3 Bb4+ 6. c3 Be7 7. g3 d6 {[%emt 0:06:13] C45: Scotch Game.} 8. Bg2 Bf6 9. O-O Nge7 {[%emt 0:00:21] White is slightly better.} 10. Be3 {[%emt 0:08:51] [#]} g6 $146 ({Predecessor:} 10... O-O 11. N1d2 Be6 12. Qh5 Ne5 13. h3 Qd7 14. Nd4 g6 15. Qh6 Bg7 16. Qh4 c5 17. Nxe6 fxe6 {1-0 (28) Rajala,O-Liebener,U ICCF corr 1990}) 11. N1d2 Bg7 12. Qc2 O-O 13. Rad1 f5 14. h3 Kh8 15. f4 Be6 16. Rfe1 Bg8 17. Bf2 Qc8 18. Nf3 fxe4 19. Qxe4 a5 20. Qa4 {[%emt 0:04:22] White is much more active.} Nf5 21. Nfd4 Ncxd4 22. Nxd4 c6 23. Nxf5 Qxf5 24. Rxd6 b5 $2 {[%emt 0:00:09] [#]} (24... Rae8 $16 {might work better.}) 25. Qd1 $18 Bxa2 $2 (25... Rf6 {was worth a try.} 26. Bxc6 Raf8 27. Rxf6 Bxf6) 26. Bxc6 Ra6 27. Bd7 {[%emt 0:04:48] Inhibits Qc8.} Rxd6 28. Qxd6 Qc2 29. Bd4 Bxd4+ 30. cxd4 (30. Qxd4+ $18 Kg8 31. Bxb5) 30... Kg8 $2 {[%emt 0:00:09] [#] This costs Black the game.} (30... Kg7 $16 31. Qe5+ (31. Bxb5 Qxb2 32. Qe5+ Kg8 $16) 31... Kg8) 31. d5 {[%emt 0:02:59] White mates.} Kg7 32. Be6 Ra8 33. Qe7+ Kh6 34. g4 Rh8 35. Qg5+ Kg7 36. Qe5+ Kh6 37. g5+ Kh5 38. Qe3 Kh4 39. f5 Re8 40. Qf4+ {[%emt 0:00:12] Weighted Error Value: White=0.20 (precise) /Black=0.44} 1-0